 Dungeon Crawl Stone Soup version 0.29-a0-923-g6e406bff71 (webtiles) character file.

Game seed: 5616504128759516671

4 rabbitsville the Digger (level 1, -3/11 HPs)
             Began as an Octopode Earth Elementalist on July 27, 2022.
             Slain by a hobgoblin (5 damage)
             ... on level 1 of the Dungeon.
             The game lasted 00:01:32 (285 turns).

rabbitsville the Digger (OpEE)                       Turns: 285, Time: 00:01:33

Health: -3/11      AC:  1    Str:  7    XL:     1   Next: 60%
Magic:  0/3        EV: 13    Int: 17    God:
Gold:   24         SH:  0    Dex: 12    Spells: 3/4 levels left

rFire   . . .      SeeInvis +   (no weapon)
rCold   . . .      Faith    .   (no shield)
rNeg    . . .      Spirit   .   (helmet restricted)
rPois   .          Reflect  .   (no amulet)
rElec   .          Harm     .   c - ring of see invisible
rCorr   .          Rampage  .   (no ring)
Will    .....                   (no ring)
Stlth   +++.......              (no ring)
HPRegen 0.03/turn               (no ring)
MPRegen 0.08/turn               (no ring)
                                (no ring)
                                (no ring)

@: no status effects
A: almost no armour, amphibious, 8 rings, camouflage 1, gelatinous body 1,
(nimble swimmer 1), tentacles
a: no special abilities


You were on level 1 of the Dungeon.
You visited 1 branch of the dungeon, and saw 1 of its levels.

You collected 24 gold pieces.

Inventory:

Jewellery
 c - a ring of see invisible (left tentacle)
Scrolls
 d - a scroll of fear {unknown}
Potions
 a - a potion of magic
 b - a potion of might {unknown}
 e - 2 potions of ambrosia {unknown}


   Skills:
 - Level 2.0 Dodging
 + Level 2.8 Stealth
 * Level 2.1 Spellcasting
 - Level 1.0 Transmutations
 * Level 3.1 Earth Magic


You had 3 spell levels left.
You knew the following spells:

 Your Spells              Type           Power      Damage    Failure   Level
a - Sandblast             Erth           24%        2d8       5%          1

Your spell library contained the following spells:

 Spells                   Type           Power      Damage    Failure   Level
 Passwall                 Tmut/Erth      6%         N/A       12%         2
 Stone Arrow              Conj/Erth      14%        3d7       30%         3
 Petrify                  Tmut/Erth      8%         N/A       63%         4


Dungeon Overview and Level Annotations

Branches:
Dungeon (1/15)

Altars:


Innate Abilities, Weirdness & Mutations

You cannot wear most types of armour.
You are amphibious.
You can wear up to eight rings at the same time.
Your skin changes colour to match your surroundings (Stealth+).
Your rubbery body absorbs attacks. (AC +1, EV +1)
((You are camouflaged when in or above water. (Stealth+)))
You have tentacles for arms and can constrict up to eight enemies at once.


Message History

HP restored.
A bat and a frilled lizard come into view.
Found a knobbly wooden ring.
The frilled lizard hisses angrily.
A hobgoblin comes into view.
The bat hits you but does no damage.
You tentacle-slap the bat but do no damage.
You grab the bat. Your squeeze misses the bat.
You constrict the bat, but do no damage.
The bat hits you. The bat hits you but does no damage.
You tentacle-slap the bat but do no damage.
Your squeeze misses the bat. You constrict the bat. The bat closely misses you.
You barely miss the bat.
The bat is severely wounded.
You constrict the bat.
You kill the bat!
The blast of sand hits the frilled lizard!
You kill the frilled lizard!
The hobgoblin hits you but does no damage.
The blast of sand misses the hobgoblin.
The hobgoblin closely misses you. The hobgoblin hits you.
You are too injured to fight recklessly!
You are too injured to fight recklessly!
Aiming: Sandblast (safe; 5% risk of failure)
Press: ? - help, Q - select action Shift-Dir - straight line, f/p - hobgoblin
Aim: a hobgoblin (82% to hit)
The blast of sand misses the hobgoblin.
The hobgoblin misses you. The hobgoblin hits you.
* * * LOW HITPOINT WARNING * * *
You don't have enough magic to cast this spell.
You don't have enough magic to cast this spell.
The hobgoblin attacks as you move away! The hobgoblin barely misses you.
The hobgoblin attacks as you move away! The hobgoblin barely misses you.
Aiming: Sandblast (safe; 5% risk of failure)
Press: ? - help, Q - select action Shift-Dir - straight line, f/p - hobgoblin
Aim: a hobgoblin (82% to hit)
The blast of sand hits the hobgoblin.
The hobgoblin is heavily wounded.
The hobgoblin hits you.
You die...

#.##.## ##'#
#.##.######.#
###.##......#.#
######.#.##........#
#...##.#.##.≈.≈#.###
#.#.##.#.##.≈.≈#.#
#.#.##.#.##.≈.≈#.###
#.#g##.#.##.≈≈≈..)..
#†#@##.#.##.#.......
#.#.........####....
.######........####
#....
.............#.#
#....
#######........#
#.... #.##.....#
#.... #.##....#..
#....
.=..b.............
##..###.##........


You could see a hobgoblin.

Vanquished Creatures
  An endoplasm (D:1)
  2 bats (D:1)
  A frilled lizard (D:1)
  A rat (D:1)
5 creatures vanquished.

Notes
Turn   | Place    | Note
-------+----------+-------------------------------------------
     0 | D:1      | rabbitsville the Octopode Earth Elementalist began the
                  | quest for the Orb.
     0 | D:1      | Reached XP level 1. HP: 11/11 MP: 3/3
   285 | D:1      | Slain by a hobgoblin

Illustrated notes

Levels and vault maps discovered:
D:1:      giann_bridges, layout_basic, dreamdust_ecumenical_altar_grove,
          chequers_serial_rivers_micro_d, minmay_pentomino_z4

Action                   || total
-------------------------++-------
Melee: Unarmed           ||     3
       Constrict         ||     1
 Cast: Sandblast         ||     8
Armor: Skin              ||     3
Dodge: Dodged            ||     6

Table legend: (Time is in decaauts)
 A = Elapsed time spent in this place.
 B = Non-inter-level travel time spent in this place.
 C = Inter-level travel time spent in this place.
 D = Time resting spent in this place.
 E = Time spent auto-exploring this place.
 F = Levels seen in this place.
 G = Mean time per level.
                   A        B        C        D        E       F      G
               +--------+--------+--------+--------+--------+-----+--------+
         Total |    291 |    291 |      0 |      0 |    202 |   1 |  291.0 |
       Dungeon |    291 |    291 |      0 |      0 |    202 |   1 |  291.0 |
               +--------+--------+--------+--------+--------+-----+--------+

Top non-repeatable levels by time:
     D:1: 291 daAuts
